AoeStats
← Seirios

Oasis

509905103Analyzed
2v2 RM · 5d ago on Sep 28, 2026· 68m 24s· 4 players
Game mode
Random Map
Map size
Medium (4 player)
Population
200
Speed
Normal
Resources
Standard
Victory
Conquest
Starting age
Dark Age
Ending age
Imperial Age
RankedLock teamsTeams togetherTeam positionsShared explorationLock speedFull tech treeHidden civsTurbo modeCheats
Victory
Defeat
🇨🇦 Celts · Canada
774
+17
🇨🇦 Danes · Canada
761
+18
🇲🇽 Japanese · Mexico
817
-18
🇲🇽 Bohemians · Mexico
787
-17
Casque Brillant
10:07 Feudal Age
11:14 Double-Bit Axe
11:04 Man-at-Arms
11:38 Horse Collar
14:52 Scale Mail Armor
15:02 Forging
24:59 Castle Age
23:09 Fletching
24:55 Arson
27:43 Bow Saw
27:37 Heavy Plow
28:56 Long Swordsman
29:22 Gambesons
33:18 Chain Mail Armor
33:39 Iron Casting
36:23 Stone Mining
36:26 Gold Mining
36:35 Bodkin Arrow
38:02 Gold Shaft Mining
40:54 Imperial Age
39:03 Wheelbarrow
38:16 Town Watch
38:37 Padded Archer Armor
38:49 Murder Holes
39:23 Stronghold
41:36 Hand Cart
41:35 Scale Barding Armor
42:16 Conscription
42:05 Pikeman
43:06 Halberdier
44:21 Two-Handed Swordsman
46:52 Heavy Scorpion
48:49 Ballistics
49:29 Chemistry
48:47 Leather Archer Armor
50:11 Furor Celtica
62:22 Champion
62:25 Elite Woad Raider
Seirios
6:56 Loom
10:32 Feudal Age
11:32 Double-Bit Axe
18:31 Castle Age
16:38 Scale Mail Armor
16:46 Horse Collar
17:00 Man-at-Arms
18:36 Arson
19:35 Bow Saw
21:10 Pikeman
27:07 Light Cavalry
38:16 Fervor
38:18 Redemption
38:29 Sanctity
38:38 Husbandry
39:29 Bloodlines
57:34 Masonry
60:24 Imperial Age
Eärendil
9:14 Loom
13:24 Feudal Age
14:17 Man-at-Arms
19:15 Double-Bit Axe
19:12 Horse Collar
40:57 Castle Age
42:02 Town Watch
43:18 Fletching
43:23 Elite Skirmisher
46:22 Padded Archer Armor
52:03 Bodkin Arrow
52:46 Husbandry
Shonedrache
12:04 Feudal Age
11:53 Loom
12:41 Double-Bit Axe
14:36 Gold Mining
18:01 Castle Age
16:09 Stone Mining
17:00 Arson
17:10 Horse Collar
19:11 Wheelbarrow
19:10 Bow Saw
19:39 Heavy Plow
21:04 Fletching
21:17 Gambesons
24:18 Forging
25:05 Bodkin Arrow
25:12 Scale Mail Armor
27:39 Iron Casting
27:28 Ballistics
29:17 Chain Mail Armor
29:15 Masonry
32:37 Gold Shaft Mining
33:03 Murder Holes
36:18 Hand Cart
39:37 Imperial Age
38:04 Treadmill Crane
40:41 Conscription
40:42 Kataparuto
42:55 Hoardings
43:22 Blast Furnace
44:22 Plate Mail Armor
43:53 Bracer
45:54 Chemistry
Connection lost

Rejoining the realm…

Still unreachable

The connection could not be restored.

Session expired

The server has moved on; the page needs a fresh start.